 Dungeon Crawl Stone Soup version 0.23-a0-642-g3120c2f (webtiles) character file.

447 Azzok the Digger (level 6, -1/49 HPs)
             Began as a Deep Dwarf Earth Elementalist on Dec 30, 2018.
             Slain by an orc wizard
             ... wielding a +0 dagger
              (2 damage)
             ... on level 4 of the Dungeon.
             The game lasted 00:05:16 (4254 turns).

Azzok the Digger (Deep Dwarf Earth Elementalist)    Turns: 4254, Time: 00:05:16

Health: -1/49      AC:  3    Str: 12    XL:     6   Next: 73%
Magic:  1/12       EV: 12    Int: 17    God:
Gold:   197        SH:  0    Dex: 13    Spells: 9/13 levels left

rFire    . . .     SeeInvis .   n - +4 quarterstaff (chaos)
rCold    . . .     Gourm    .   (shield currently unavailable)
rNeg     . . .     Faith    .   c - +0 robe
rPois    .         Spirit   .   (no helmet)
rElec    .         Reflect  .   o - +0 cloak
rCorr    .         Harm     .   (no gloves)
MR       .....                  (no boots)
Stlth    ++........             (no amulet)
HPRegen  0.00/turn              (no ring)
MPRegen  0.13/turn              (no ring)

@: very slightly contaminated, non-regenerating
A: damage resistance, heal wounds, sense surroundings 1, no regeneration
a: Heal Wounds


You were on level 4 of the Dungeon.
You were very hungry.

You visited 1 branch of the dungeon, and saw 4 of its levels.

You collected 197 gold pieces.

Inventory:

Hand Weapons
 n - a +4 quarterstaff of chaos (weapon)
Missiles
 b - 9 stones (quivered)
Armour
 c - a +0 robe (worn)
 o - a +0 cloak (worn)
Jewellery
 l - an uncursed ring of protection from fire {unknown}
Scrolls
 e - a scroll of amnesia {unknown}
 h - 6 scrolls of identify {unknown}
 i - a scroll of teleportation {unknown}
 j - a scroll of enchant armour {unknown}
 k - a scroll of enchant weapon {unknown}
 m - 5 scrolls of remove curse {unknown}
Potions
 a - 2 potions of berserk rage {unknown}
 f - a potion of mutation {unknown}
 g - 2 potions of curing {unknown}
 p - a potion of flight {unknown}
Comestibles
 d - 5 rations


   Skills:
 - Level 2.1 Dodging
 - Level 2.4 Stealth
 + Level 4.4 Spellcasting
   Level 0.8 Transmutations
 + Level 7.7 Earth Magic


You had 9 spell levels left.
You knew the following spells:

 Your Spells              Type           Power        Failure   Level  Hunger
a - Sandblast             Erth           ####..       1%          1    None
b - Stone Arrow           Conj/Erth      ###...       10%         3    ###....

Your spell library contained the following spells:

 Spells                   Type           Power        Failure   Level  Hunger
 Passwall                 Tmut/Erth      ###.....     4%          2    ##.....
 Lee's Rapid Deconstruct  Erth           ####......   19%         5    ######.
 Petrify                  Tmut/Erth      ###.....     26%         4    ####...


Dungeon Overview and Level Annotations

Branches:
Dungeon (4/15)
 Temple: D:4-7

Altars:
Ashenzari
Elyvilon


Innate Abilities, Weirdness & Mutations

You are resistant to damage.
You can heal yourself by infusing magical energy.
You passively map a small area around you.
You do not regenerate.


Message History

You hear some strange, mumbled words.
A magic dart appears from out of thin air!
The magic dart hits you!
You hit something. You burn something.
Reactivating autopickup.
You feel a bit more experienced.
You hit the orc wizard but do no damage.
The orc wizard seems to speed up.
The orc wizard is heavily wounded.
The orc wizard hits you but does no damage.
The orc wizard hits you with a +0 dagger.
* * * LOW HITPOINT WARNING * * *
You miss the orc wizard.
The orc wizard is heavily wounded.
The orc wizard barely misses you.
The orc wizard hits you with a +0 dagger.
You miss the orc wizard.
The orc wizard is heavily wounded.
The orc wizard hits you with a +0 dagger.
You die...

▒·▒·▒·▒ ▒·▒·▒·▒·▒
▒·▒[▒·▒·▒ ░ ▒·▒·▒·▒·▒
▒·▒·▒·▒·▒ ░ ◦ ▒·▒·▒·▒·▒
░▒·▒·▒·▒·▒
░▒·····▒·▒▒·▒▒▒▒▒▒▒▒▒▒▒▒
▒·▒·▒···▒▒·)oo@·······▒
░
▒·▒·▒·▒▒▒▒▒▒▒▒▒▒▒▒▒▒·▒▒
░ ▒·▒··········▒>▒▒▒▒▒·▒
▒·▒▒▒·▒▒▒▒▒▒·▒·······▒
▒·▒··········▒·▒▒▒▒▒▒▒
▒·▒·▒·▒·▒▒▒··▒·▒
▒·▒···▒······▒·▒
░▒▒·▒▒▒▒▒▒▒▒▒▒·▒·▒
░▒····<········▒·▒


You could see an orc wizard and an orc.

Vanquished Creatures
  A centaur (D:4)
  A scorpion (D:4)
  A hound (D:4)
  An orc priest (D:4)
  Crazy Yiuf (D:3)
  An orc wizard (D:4)
  A worker ant (D:4)
  A hound skeleton (D:4)
  9 adders
  An adder skeleton (D:4)
  2 worms
  2 dart slugs
  3 leopard geckos
  8 orcs
  9 bats
  3 giant cockroaches
  5 hobgoblins
  3 jackals (D:3)
  4 kobolds
  2 quokkas (D:3)
  2 ball pythons (D:3)
  5 frilled lizards
  6 goblins
  3 rats
75 creatures vanquished.

Vanquished Creatures (others)
  4 toadstools (D:4)
4 creatures vanquished.

Grand Total: 79 creatures vanquished

Notes
Turn   | Place    | Note
-------+----------+-------------------------------------------
     0 | D:1      | Azzok the Deep Dwarf Earth Elementalist began the quest for
                  | the Orb.
     0 | D:1      | Reached XP level 1. HP: 15/15 MP: 3/3
   177 | D:1      | Reached XP level 2. HP: 14/22 MP: 3/5
   893 | D:2      | Reached skill level 5 in Earth Magic
   893 | D:2      | Reached XP level 3. HP: 14/28 MP: 0/6
  1088 | D:2      | Learned a level 3 spell: Stone Arrow
  1447 | D:3      | Reached XP level 4. HP: 13/36 MP: 1/8
  2643 | D:3      | Found a runed door.
  2798 | D:3      | Found a white marble altar of Elyvilon.
  3089 | D:3      | Noticed Crazy Yiuf
  3123 | D:3      | Killed Crazy Yiuf
  3123 | D:3      | Reached skill level 6 in Earth Magic
  3123 | D:3      | Reached XP level 5. HP: 13/42 MP: 1/10
  3412 | D:4      | Found a shattered altar of Ashenzari.
  3442 | D:4      | Noticed a centaur
  3447 | D:4      | Killed a centaur
  3447 | D:4      | Reached skill level 7 in Earth Magic
  3447 | D:4      | Reached XP level 6. HP: 36/49 MP: 0/12
  4252 | D:4      | HP: 1/49 [orc wizard/+0 dagger (3)]
  4254 | D:4      | Slain by an orc wizard

Vault maps used:
D:1:      erik_arrival_blinker_ship
D:3:      elyvilon_altar_1, uniq_crazy_yiuf_cottage
D:4:      cheibrodos_fertilizer, ashenzari_altar_1, minivault_24

Skill      XL: |  1  2  3  4  5 |
---------------+----------------+-----
Spellcasting   | 2 3 4 |  4.4
Earth Magic    | 5 6 7 |  7.7
Dodging        | |  2.1
Stealth        | |  2.4
Transmutations | |  0.8

Action                   |  1- 3 |  4- 6 || total
-------------------------+-------+-------++-------
Melee: Dagger            |    33 |     9 ||    42
       Quarterstaff      |       |    10 ||    10
 Cast: Sandblast         |    31 |    33 ||    64
       Stone Arrow       |     2 |    34 ||    36
 Abil: Heal Wounds       |       |     1 ||     1
 Stab: Sleeping          |     2 |       ||     2
  Eat: Chunk             |     2 |    12 ||    14
Armor: Robe              |    16 |     2 ||    18
Dodge: Dodged            |    32 |    19 ||    51

Table legend:
 A = Non-vault XP
 B = Vault XP
 C = Vault XP percentage of total XP
 D = Non-vault monster count
 E = Vault monster count
 F = Vault count percentage of total count
                 A         B        C        D         E       F
            +---------+---------+-------+---------+---------+-------
      Total |     599 |      40 |   6.3 |      74 |       1 |   1.3
            +---------+---------+-------+---------+---------+-------
        D:1 |      26 |       0 |   0.0 |      15 |       0 |   0.0
        D:2 |      65 |       0 |   0.0 |      17 |       0 |   0.0
        D:3 |      85 |      40 |  32.0 |      25 |       1 |   3.8
        D:4 |     423 |       0 |   0.0 |      17 |       0 |   0.0
            +---------+---------+-------+---------+---------+-------
